 Dungeon Crawl Stone Soup version 0.30-a0-639-g3916f1956a (webtiles) character file.

Game seed: 5429718230150327795

319 Vylera the Poker (level 6, -1/44 HPs)
             Began as a Demonspawn Gladiator on Jan 15, 2023.
             Was an Elder of Uskayaw.
             Slain by an orc wizard
             ... wielding a +0 dagger
              (2 damage)
             ... on level 4 of the Dungeon.
             The game lasted 00:05:19 (3120 turns).

Vylera the Poker (Demonspawn Gladiator)             Turns: 3120, Time: 00:05:20

Health: -1/44      AC:  4    Str: 17    XL:     6   Next: 21%
Magic:  6/6        EV: 13    Int:  9    God:    Uskayaw [****..]
Gold:   182        SH:  0    Dex: 20    Spells: 5/5 levels left

rFire   + . .      SeeInvis .    a - +0 trident
rCold   x . .      Faith    .    (no shield)
rNeg    . . .      Spirit   .    b - +0 leather armour
rPois   .          Reflect  .    c - +0 helmet
rElec   .          Harm     .    (no cloak)
rCorr   .          Rampage  .    (no gloves)
Will    .....                    (no boots)
Stlth   +                        (no amulet)
HPRegen 0.27/turn                u - +6 ring of dexterity
MPRegen 0.10/turn                z - ring of fire

@: confused, flying, hasted, very quick
A: powered by pain 2, demonic touch 1
a: Renounce Religion, Stomp, Line Pass


You were on level 4 of the Dungeon.
You worshipped Uskayaw.
Uskayaw was noncommittal.
You visited 1 branch of the dungeon, and saw 4 of its levels.

You collected 182 gold pieces.

Inventory:

Hand Weapons
 a - a +0 trident (weapon)
Missiles
 d - a throwing net (quivered)
 e - 3 javelins
Armour
 b - a +0 leather armour (worn)
 c - a +0 helmet (worn)
Jewellery
 u - a +6 ring of dexterity (left hand)
 z - a ring of fire (right hand)
Wands
 q - a wand of polymorph (2)
Scrolls
 h - a scroll of blinking {unknown}
 j - 5 scrolls of identify {unknown}
 l - 2 scrolls of enchant weapon {unknown}
 o - a scroll of teleportation {unknown}
 s - a scroll of acquirement {unknown}
 t - a scroll of noise {unknown}
 v - a scroll of silence {unknown}
 x - 2 scrolls of magic mapping {unknown}
 y - a scroll of enchant armour {unknown}
Potions
 f - a potion of degeneration {unknown}
 g - a potion of lignification {unknown}
 i - a potion of attraction {unknown}
 k - a potion of flight
 m - a potion of heal wounds {unknown}
 n - a potion of resistance {unknown}
 p - a potion of ambrosia {unknown}
 r - a potion of cancellation {unknown}
 w - a potion of haste


   Skills:
 - Level 2.0 Fighting
 * Level 6.4 Polearms
 - Level 1.7 Throwing
 - Level 2.6 Dodging


You had 5 spell levels left.
You didn't know any spells.
Your spell library contained the following spells:

 Spells                   Type           Power      Damage    Failure   Level
 Static Discharge         Conj/Air       0%         2-2/arc   58%         2
 Vhi's Electric Charge    Tloc/Air       0%         N/A       83%         3
 Arcjolt                  Conj/Air       0%         1d10      100%        5
 Lightning Bolt           Conj/Air       0%         1d11      100%        5


Dungeon Overview and Level Annotations

Branches:
Dungeon (4/15)
 Temple: D:4-7

Altars:
Uskayaw

Annotations:
D:3 1 runed translucent door, Crazy Yiuf


Innate Abilities, Weirdness & Mutations

You sometimes gain power by taking damage.
Your touch may inflict minor irresistible damage on your foes.


Message History

Something hits you.
The kobold throws a stone.
The stone barely misses you. The orc completely misses you.
You hit the orc but do no damage. You punch the orc.
The orc is moderately wounded.
Something hits you but does no damage. The orc hits you with a +0 whip.
You puncture the orc!
You kill the orc!
Something hits you but does no damage.
The kobold throws a stone.
The stone hits you but does no damage.
You hit the orc priest.
The orc priest is lightly wounded.
Something hits you.
The orc priest invokes the aid of Beogh against you.
Beogh smites you!
* * * LOW HITPOINT WARNING * * *
It was a potion of flight.
You feel very buoyant.
You fly up into the air.
Something hits you but does no damage.
The orc priest hits you with a +0 hand axe.
* * * LOW HITPOINT WARNING * * *
It was a potion of haste.
You feel yourself speed up. Something hits you.
* * * LOW HITPOINT WARNING * * *
The orc priest closely misses you.
Okay, then.
You closely miss the orc priest.
You touch the orc priest.
The orc priest is heavily wounded.
Something barely misses you.
The orc priest hits you with a +0 hand axe.
* * * LOW HITPOINT WARNING * * *
You hit the orc priest.
You touch the orc priest.
You kill the orc priest!
You hear some strange, mumbled words.
You are confused.
The kobold throws a stone.
The stone hits you.
* * * LOW HITPOINT WARNING * * *
Uskayaw will force your foes to share their pain.
Uskayaw links your audience in an emotional bond!
You bump into the rock wall.
Something hits you.
You die...

..# ###..#
.!...# ....#
.... #..#
#..# ###{.#
.######
#..@K#
.........
#.##.......
........
###.# ####.##
.......##...#
.......#..###
#......#.##
#.# #..#
#.###.##
#..)..#


You could see a kobold (pain bonded).

Vanquished Creatures
  An ogre (D:4)
  An orc priest (D:4)
  Jessica (D:3)
  Natasha (thrice) (D:3)
  An orc wizard (D:4)
  An adder (D:3)
  An ufetubus (D:4)
  2 dart slugs (D:1)
  2 orcs (D:4)
  5 endoplasms
  3 giant cockroaches
  6 goblins
  6 hobgoblins
  4 kobolds
  4 quokkas
  3 ball pythons
  3 bats
  7 frilled lizards
  6 rats
60 creatures vanquished.

Notes
Turn   | Place    | Note
-------+----------+-------------------------------------------
     0 | D:1      | Vylera the Demonspawn Gladiator began the quest for the
                  | Orb.
     0 | D:1      | Reached XP level 1. HP: 16/16 MP: 1/1
    82 | D:1      | Reached skill level 3 in Polearms
   140 | D:1      | Gained mutation: You sometimes gain a little power by
                  | taking damage. [demonic ancestry]
   140 | D:1      | Reached XP level 2. HP: 19/22 MP: 2/2
   743 | D:1      | Gained mutation: You sometimes gain power by taking damage.
                  | [demonic ancestry]
   743 | D:1      | Reached XP level 3. HP: 27/27 MP: 3/3
  1158 | D:2      | Found a faded altar of an unknown god.
  1163 | D:2      | Prayed at the altar of an unknown god.
  1163 | D:2      | Became a worshipper of Uskayaw the Reveller
  1163 | D:2      | Reached * piety under Uskayaw
  1363 | D:2      | Reached skill level 4 in Polearms
  1669 | D:3      | Noticed Natasha
  1677 | D:3      | Reached ** piety under Uskayaw
  1679 | D:3      | Killed Natasha
  1680 | D:3      | Reached XP level 4. HP: 13/33 MP: 4/4
  2048 | D:3      | Noticed Natasha
  2056 | D:3      | Killed Natasha
  2112 | D:3      | Noticed Jessica
  2120 | D:3      | Killed Jessica
  2121 | D:3      | Reached skill level 5 in Polearms
  2472 | D:3      | Noticed Natasha
  2480 | D:3      | Killed Natasha
  2481 | D:3      | Gained mutation: Your touch may inflict minor irresistible
                  | damage on your foes. [demonic ancestry]
  2481 | D:3      | Reached XP level 5. HP: 33/38 MP: 5/5
  2567 | D:3      | Found a runed translucent door.
  2568 | D:3      | Noticed Crazy Yiuf
  2796 | D:4      | Noticed a steam dragon
  2862 | D:4      | Noticed an ogre
  2875 | D:4      | Reached *** piety under Uskayaw
  2876 | D:4      | Killed an ogre
  2877 | D:4      | Reached skill level 6 in Polearms
  3106 | D:4      | Reached XP level 6. HP: 40/44 MP: 6/6
  3117 | D:4      | HP: 2/44 [orc priest/+0 hand axe (1)]
  3118 | D:4      | Reached **** piety under Uskayaw
  3120 | D:4      | Slain by an orc wizard

Illustrated notes

Levels and vault maps discovered:
D:1:      evilmike_arrival_rings, layout_basic, minmay_pentomino_t2
D:2:      layout_loops_ring, hellmonk_ecumenical_altar_run_dry,
          serial_park_tiny_1, minmay_misc_feat_rugged
D:3:      layout_loops_corners, uniq_natasha, uniq_crazy_yiuf_cottage,
          uniq_jessica
D:4:      minmay_door_path, layout_basic, serial_shops, shop

Skill      XL: |  1  2  3  4  5 |
---------------+----------------+-----
Polearms       | 3 4 5 6 |  6.4
Fighting       | |  2.0
Throwing       | |  1.7
Dodging        | |  2.6

Action                   |  1- 3 |  4- 6 || total
-------------------------+-------+-------++-------
Melee: Trident           |   109 |    81 ||   190
       Touch             |       |     7 ||     7
       Punch             |       |     2 ||     2
Throw: Throwing net      |       |     3 ||     3
  Use: Potion            |       |     2 ||     2
 Stab: Sleeping          |     1 |     2 ||     3
       Held in net/web   |       |     2 ||     2
       Paralysed         |       |     2 ||     2
Armor: Leather armour    |    18 |    25 ||    43
Dodge: Dodged            |    46 |    36 ||    82

Table legend: (Time is in decaauts)
 A = Elapsed time spent in this place.
 B = Non-inter-level travel time spent in this place.
 C = Inter-level travel time spent in this place.
 D = Time resting spent in this place.
 E = Time spent auto-exploring this place.
 F = Levels seen in this place.
 G = Mean time per level.
                   A        B        C        D        E       F      G
               +--------+--------+--------+--------+--------+-----+--------+
         Total |   3132 |   2998 |    134 |     60 |   2463 |   4 |  783.0 |
       Dungeon |   3132 |   2998 |    134 |     60 |   2463 |   4 |  783.0 |
               +--------+--------+--------+--------+--------+-----+--------+

Top non-repeatable levels by time:
     D:3: 1208 daAuts
     D:1: 879 daAuts
     D:2: 655 daAuts
     D:4: 390 daAuts
